 Dungeon Crawl Stone Soup version 0.32-a0-485-g70f7560b1c (webtiles) character file.

Game seed: 5437750053510852375

60 Iich the Trooper (level 3, -5/29 HPs)
             Began as a Demonspawn Fighter on Feb 26, 2024.
             Slain by a gnoll
             ... wielding a +0 spear
              (8 damage)
             ... on level 3 of the Dungeon.
             The game lasted 00:02:48 (1716 turns).

Iich the Trooper (Demonspawn Fighter)               Turns: 1716, Time: 00:02:49

Health: -5/29      AC:  5    Str: 21    XL:     3   Next: 82%
Magic:  3/3        EV: 11    Int: 12    God:
Gold:   124        SH:  4    Dex: 12    Spells: 2/2 levels left

rFire   . . .        a - +0 war axe
rCold   . . .        c - +0 buckler
rNeg    . . .        h - +2 leather armour "Puitt" {Str+3 Int+4 Slay+6}
rPois   .            (no helmet)
rElec   .            (no cloak)
rCorr   .            (no gloves)
SInv    .            (no boots)
Will    .....        (no amulet)
Stlth   +            (no ring)
HPRegen 0.24/turn    (no ring)
MPRegen 0.08/turn

%: no passive effects
@: mighty
A: hooves 1
a: no special abilities


You were on level 3 of the Dungeon.
You visited 1 branch of the dungeon, and saw 3 of its levels.

You collected 124 gold pieces.

Inventory:

Hand Weapons
 a - a +0 war axe (weapon)
Armour
 b - a +0 scale mail
 c - a +0 buckler (worn)
 h - the +2 leather armour "Puitt" (worn) {Str+3 Int+4 Slay+6}
   (You found it on level 2 of the Dungeon)

   Str+3:     It affects your strength (+3).
   Int+4:     It affects your intelligence (+4).
   Slay+6:    It affects your accuracy & damage with ranged weapons and melee
   (+6).
Scrolls
 e - a scroll of fear {unknown}
 f - 2 scrolls of fog {unknown}
 k - a scroll of identify {unknown}
Potions
 g - a potion of berserk rage {unknown}
 i - a potion of attraction
 j - 2 potions of brilliance {unknown}


   Skills:
 + Level 3.5 Fighting
 * Level 3.0 Axes
 - Level 2.6 Armour
 + Level 1.3 Dodging
 - Level 2.6 Shields


You had 2 spell levels left.
You didn't know any spells.
Your spell library contained the following spells:

 Spells                   Type           Power      Damage    Failure   Level
 Magic Dart               Conj           0%         1d3       43%         1
 Searing Ray              Conj           0%         2d4       58%         2
 Frozen Ramparts          Ice            0%         1d1       82%         3
 Fulminant Prism          Conj/Alch      0%         3d5       99%         4
 Leda's Liquefaction      Alch/Erth      0%         N/A       99%         4
 Petrify                  Alch/Erth      0%         N/A       99%         4
 Metabolic Englaciation   Hex/Ice        0%         N/A       100%        5


Dungeon Overview and Level Annotations

Branches:
Dungeon (3/15)

Altars:

Annotations:
D:3 3 runed translucent doors, xianbchi's ghost, weakling SpDe


Innate Abilities, Weirdness & Mutations

You have large cloven feet.


Message History

The gnoll shouts! x2
The gnoll hits you with a +0 club. You block the gnoll's attack.
You take 5 damage, and have 24/29 hp.
You slash the gnoll! You kick the gnoll, but do no damage.
The gnoll is severely wounded.
You slash the gnoll! The gnoll hits you with a +0 club!
* * * LOW HITPOINT WARNING * * *
The gnoll hits you from afar with a +0 spear.
* * * LOW HITPOINT WARNING * * *
The gnoll closely misses you. The gnoll hits you with a +0 flail.
* * * LOW HITPOINT WARNING * * *
The gnoll hits you with a +0 flail.
* * * LOW HITPOINT WARNING * * *
The gnoll hits you but does no damage.
The gnoll hits you from afar with a +0 spear.
* * * LOW HITPOINT WARNING * * *
You take 18 damage, and have 6/29 hp. !!!!--MASSIVE DAMAGE--!!!!
You feel better. The gnoll closely misses you.
The gnoll hits you but does no damage. The gnoll barely misses you.
The gnoll hits you but does no damage.
You regained 11 hp, and now have 17/29 hp.
You feel very mighty all of a sudden. You block the gnoll's attack.
The gnoll hits you but does no damage. You block the gnoll's attack.
The gnoll hits you from afar with a +0 spear.
* * * LOW HITPOINT WARNING * * *
You take 4 damage, and have 13/29 hp.
You completely miss the gnoll. You kick the gnoll.
You kill the gnoll!
You slash the gnoll! x2
You kill the gnoll!
You block the gnoll's attack.
The gnoll hits you from afar with a +0 spear.
* * * LOW HITPOINT WARNING * * *
Your Axes skill increases to level 3!
You take 4 damage, and have 9/29 hp.
The gnoll hits you with a +0 flail!
* * * LOW HITPOINT WARNING * * *
The gnoll hits you with a +0 spear!
You die...

..# #.# .. ## #+## ##...##
## ##.....## ## #.##
##.......## ##.###.#.#
#.........####..g#.#.#####
'.........+....g@.#.......
#.<.......####..)#.#
##.......# ##.##.#
##..####### ####.###
#..#.....# #.....#
#..#(...♣# #.....#
##..+..(..# #.....#
##...+....(# #.....#
#....+.(...# #.....#


You could see 2 gnolls.

Vanquished Creatures
  2 gnolls (D:3)
  A dart slug (D:2)
  2 ball pythons
  2 bats (D:1)
  5 endoplasms
  2 giant cockroaches (D:2)
  2 goblins
  2 hobgoblins
  4 jackals (D:3)
  3 quokkas
  4 frilled lizards
  3 kobolds (D:2)
  3 rats
35 creatures vanquished.

Notes
Turn   | Place    | Note
-------+----------+-------------------------------------------
     0 | D:1      | Iich the Demonspawn Fighter began the quest for the Orb.
     0 | D:1      | Reached XP level 1. HP: 18/18 MP: 1/1
   183 | D:1      | Gained mutation: You have large cloven feet. [demonic
                  | ancestry]
   183 | D:1      | Reached XP level 2. HP: 12/24 MP: 2/2
   881 | D:2      | Identified the +2 leather armour "Puitt" {Str+3 Int+4
                  | Slay+6}
   905 | D:2      | Reached skill level 1 in Dodging
  1047 | D:2      | Reached XP level 3. HP: 29/29 MP: 3/3
  1484 | D:3      | Found a runed translucent gate.
  1484 | D:3      | Found a runed translucent gate.
  1486 | D:3      | Found a runed translucent gate.
  1487 | D:3      | Noticed xianbchi's ghost (weakling SpDe)
  1716 | D:3      | Slain by a gnoll

Illustrated notes

Levels and vault maps discovered:
D:1:      minmay_arrival_shattered_statue, layout_basic
D:2:      layout_basic, kennysheep_pointless_box
D:3:      kennysheep_big_flooded_room, layout_loops_corners,
          ebering_ghost_rock_garden

Skill      XL: |  1  2  3 |
---------------+----------+-----
Axes           | 2 3 |  3.0
Dodging        | 1 |  1.3
Fighting       | |  3.5
Armour         | |  2.6
Shields        | |  2.6

Action                     || total
---------------------------++-------
  Melee: War axe           ||    55
         Kick              ||     6
    Use: Potion            ||     4
 Armour: Scale mail        ||    18
         Leather armour    ||    21
  Dodge: Dodged            ||    38
  Block: Buckler           ||    14

Table legend: (Time is in decaauts)
 A = Elapsed time spent in this place.
 B = Non-inter-level travel time spent in this place.
 C = Inter-level travel time spent in this place.
 D = Time resting spent in this place.
 E = Time spent auto-exploring this place.
 F = Levels seen in this place.
 G = Mean time per level.
                   A        B        C        D        E       F      G
               +--------+--------+--------+--------+--------+-----+--------+
         Total |   1739 |   1704 |     35 |      0 |   1483 |   3 |  579.7 |
       Dungeon |   1739 |   1704 |     35 |      0 |   1483 |   3 |  579.7 |
               +--------+--------+--------+--------+--------+-----+--------+

Top non-repeatable levels by time:
     D:2: 784 daAuts
     D:1: 684 daAuts
     D:3: 270 daAuts
